 Dungeon Crawl Stone Soup version 0.20-a0-1122-gb7cbeb9 (webtiles) character file.

25720 Multipenetrator the Carver (level 12, 0/94 HPs)
             Began as a Demonspawn Gladiator on May 11, 2017.
             Was a High Priest of Qazlal.
             Slain by a demonic crawler (6 damage)
             ... summoned by a deep elf mage
             ... on level 1 of the Elven Halls on May 12, 2017.
             The game lasted 02:04:48 (16951 turns).

Multipenetrator the Carver (Demonspawn Gladiator)  Turns: 16951, Time: 02:04:50

Health: 0/94       AC:  9    Str: 12    XL:     12   Next: 92%
Magic:  0/21       EV: 17    Int: 10    God:    Qazlal [*****.]
Gold:   665        SH:  7    Dex: 22    Spells: 11/11 levels left

rFire    . . .     SeeInvis .   C - +0 great sword of the Establishment {freeze, rPois Str-4 Dex+3}
rCold    + . .     Gourm    .   (shield currently unavailable)
rNeg     . . .     Faith    .   D - +1 leather armour of Purpose {rPois rC+ Int-4 Slay+3}
rPois    +         Spirit   +   e - +2 hat
rElec    .         Reflect  .   K - +0 cloak
rCorr    .         Harm     .   (no gloves)
MR       +....                  y - +0 pair of boots
Stlth    +.........             (no amulet)
Regen    0.3/turn               F - +3 ring of intelligence
MPRegen  0.4/turn               V - ring of protection from magic

@: very slightly contaminated, drained, repel missiles
A: claws 2, thin skeletal structure 1, powered by pain 2, magic shield, magic
regeneration
a: Upheaval, Elemental Force, Disaster Area, Renounce Religion


You were on level 1 of the Elven Halls.
You worshipped Qazlal.
Qazlal was extremely pleased with you.
You were very hungry.

You visited 4 branches of the dungeon, and saw 15 of its levels.
You also visited: Ossuary.

You collected 665 gold pieces.

Inventory:

Hand Weapons
 a - a +1 falchion of flaming
 C - the +0 great sword of the Establishment (weapon) {freeze, rPois Str-4 Dex+3}
   (You found it on level 8 of the Dungeon)

   It has been specially enchanted to freeze those struck by it, causing extra
   injury to most foes and up to half again as much damage against particularly
   susceptible opponents.
   It can also slow down cold-blooded creatures.
   It affects your strength (-4).
   It affects your dexterity (+3).
   It protects you from poison.
 X - the +7 trident of Wondrous Power {drain, +Inv rPois rN+++ Dex-4}
   (You found it on level 9 of the Dungeon)

   A truly terrible weapon, it drains the life of those it strikes.
   It affects your dexterity (-4).
   It protects you from poison.
   It renders you almost immune to negative energy.
   It lets you turn invisible.
Missiles
 d - 2 throwing nets (quivered)
Armour
 e - a +2 hat (worn)
 y - a +0 pair of boots (worn)
 D - the +1 leather armour of Purpose (worn) {rPois rC+ Int-4 Slay+3}
   (You found it on level 6 of the Dungeon)

   It affects your intelligence (-4).
   It affects your accuracy and damage with ranged weapons and melee attacks
   (+3).
   It protects you from cold.
   It protects you from poison.
 G - a +4 scale mail
 K - a +0 cloak (worn)
Jewellery
 F - a +3 ring of intelligence (left claw)
 V - a ring of protection from magic (right claw)
Wands
 b - a wand of lightning (0/15)
 L - a wand of clouds (0/9)
 N - a wand of confusion (11/48)
 P - a wand of polymorph (3/24)
 T - a wand of disintegration (0/24)
 U - a wand of confusion (23/48)
Scrolls
 c - a scroll of torment {unknown}
 i - 2 scrolls of fog {unknown}
 k - 2 scrolls of magic mapping
 l - 4 scrolls of remove curse
 m - 2 scrolls of amnesia {unknown}
 o - 2 scrolls of enchant weapon
 p - 5 scrolls of enchant armour
 r - 2 scrolls of teleportation
 u - 3 scrolls of immolation
 w - 2 scrolls of fear
 E - a scroll of blinking
 H - 3 scrolls of recharging {unknown}
 M - 2 scrolls of vulnerability {unknown}
 O - a scroll of summoning {unknown}
 S - 2 scrolls of identify
Potions
 g - 2 potions of agility
 q - 2 potions of cancellation
 s - 4 potions of flight
 t - 2 potions of invisibility
 v - 5 potions of mutation
 x - a potion of ambrosia
 z - a potion of berserk rage
 A - 3 potions of brilliance
 B - 3 potions of haste {unknown}
 J - a potion of might
Books
 I - a book of Callings

   Spells                             Type                      Level
   a - Summon Small Mammal            Summoning                    1
   b - Call Imp                       Summoning                    2
   c - Call Canine Familiar           Summoning                    3
   d - Summon Guardian Golem          Hexes/Summoning              3
   e - Summon Lightning Spire         Summoning/Air                4
   f - Summon Ice Beast               Ice/Summoning                4
 Y - a book of Flames

   Spells                             Type                      Level
   a - Flame Tongue                   Conjuration/Fire             1
   b - Throw Flame                    Conjuration/Fire             2
   c - Conjure Flame                  Conjuration/Fire             3
   d - Inner Flame                    Hexes/Fire                   3
   e - Sticky Flame                   Conjuration/Fire             4
   f - Fireball                       Conjuration/Fire             5
 Z - a book of Conjurations

   Spells                             Type                      Level
   a - Magic Dart                     Conjuration                  1
   b - Searing Ray                    Conjuration                  2
   c - Dazzling Spray                 Conjuration/Hexes            3
   d - Fulminant Prism                Conjuration/Hexes            4
   e - Force Lance                    Conjuration/Translocation    4
   f - Iskenderun's Mystic Blast      Conjuration                  4
Miscellaneous
 n - a sack of spiders
Comestibles
 f - 5 bread rations
 j - 27 fruits
 R - 4 meat rations
 W - 5 royal jellies


   Skills:
 + Level 8.9(8.0) Fighting
 + Level 13.7(12.7) Long Blades
 + Level 2.1(1.4) Polearms
 - Level 1.7(1.0) Throwing
 + Level 5.3(4.5) Armour
 + Level 7.0(6.3) Dodging
 - Level 0.8(0.1) Stealth
 * Level 12.1(11.2) Invocations
 + Level 1.4(0.7) Evocations


You had 11 spell levels left.
You didn't know any spells.

Dungeon Overview and Level Annotations

Branches:
Dungeon (11/15)            Temple (1/1) D:5            Lair (0/6) D:11
    Orc (2/2) D:11            Elf (1/3) Orc:2

Altars:
Ashenzari
Cheibriados
Dithmenos
Elyvilon
Fedhas
Gozag
Hepliaklqana
Kikubaaqudgha
Makhleb
Nemelex Xobeh
Okawaru
Qazlal
Ru
Sif Muna
Trog
Uskayaw
Vehumet
Wu Jian
Xom
Yredelemnul
Zin
The Shining One

Shops:
D:6 (   Orc:2 %

Annotations:
D:5 Pikel


Innate Abilities, Weirdness & Mutations

You have very sharp fingernails.
You have a somewhat thin skeletal structure. (Dex +2, Stealth)
You sometimes gain power by taking damage.
When hurt, damage is shared between your health and your magic reserves.
You regenerate magic rapidly.


Message History

Aim: a deep elf mage, wielding a long sword and wearing a ring mail (almost dead, chance to defeat MR: 50%)
The deep elf mage resists with significant effort.
Evoking this partially-identified wand wasted a few charges.
The deep elf mage mumbles some strange words.
You miss the deep elf mage.
The deep elf mage is severely wounded.
The hell rat disappears in a puff of smoke!
You barely miss the deep elf mage.
The deep elf mage is severely wounded.
The deep elf mage points at you and mumbles some strange words.
The lance of force is repelled.
The red devil hits you from afar with a trident.
* * * LOW HITPOINT WARNING * * *
You hit the deep elf mage. You freeze the deep elf mage.
The deep elf mage is almost dead.
The demonic crawler is engulfed in blazing flames.
The demonic crawler hits you but does no damage. x2
The demonic crawler closely misses you. The deep elf mage barely misses you.
The red devil completely misses you. The demonic crawler hits you!
You die...

#......>.....#
#............+
+...........#
#..........#
#.........##
##+##(.re)see@.####.#
..........##}ss.ยง.....#
..........##*###......+
..#.......##.# ###.###
.##.......##.# #
#.......##.#
####+#####.# #.#


You could see a demonic crawler, a deep elf archer, 2 deep elf magi, a red
devil, 2 redbacks, a hell rat and a battlesphere.

Vanquished Creatures
  2 hydras
  4 two-headed ogres
  A dancing weapon (Elf:1)
  A deep elf knight (Elf:1)
  Nergalle (D:11)
  The ghost of Keye the Spear-Bearer, a novice NaFi of Okawaru (D:8)
  2 unseen horrors
  The ghost of morbho the Covert, a novice SpEn of Gozag (D:10)
  A deep elf archer (Elf:1)
  An orc sorcerer (Orc:2)
  10 deep elf magi (Elf:1)
  Maurice (D:8)
  Psyche (D:10)
  A troll (D:10)
  2 dream sheep (D:10)
  A wraith (D:6)
  A shadow (D:11)
  A wyvern (D:9)
  An air elemental (Elf:1)
  Eustachio (D:4)
  18 yaks
  The ghost of yrara the Cudgeler, an amateur DsFi (D:4)
  2 wargs (D:11)
  A water moccasin (D:11)
  Duvessa (D:4)
  A hornet zombie (D:10)
  2 porcupines (D:11)
  4 orc warriors
  3 black bears
  4 slaves
  A phantom (D:10)
  3 sky beasts
  3 ice beasts
  9 ogres
  A necrophage (D:6)
  10 centaurs
  2 crocodiles
  3 big kobolds (D:10)
  A gnoll sergeant (D:7)
  8 bullfrogs
  Dowan (D:4)
  A wyvern zombie (D:11)
  2 scorpions
  17 killer bees
  5 wights
  4 howler monkeys (D:11)
  2 electric eels (D:7)
  A centaur zombie (Ossuary)
  10 crimson imps
  A lava snake (D:11)
  6 jellies
  4 hounds
  8 orc priests
  A bullfrog skeleton (D:4)
  A human zombie (Ossuary)
  4 iguanas
  Jessica (D:3)
  12 orc wizards
  13 worker ants
  A hound zombie (D:8)
  A hound skeleton (D:11)
  4 mummies (Ossuary)
  A worker ant zombie (D:5)
  15 gnolls
  12 adders
  3 oozes
  3 adder skeletons
  2 worms
  2 dart slugs (D:1)
  6 leopard geckos
  49 orcs
  5 giant cockroaches
  A gnoll zombie (Ossuary)
  7 goblins
  10 hobgoblins
  26 jackals
  6 quokkas
  2 ball pythons (D:1)
  12 bats
  5 frilled lizards
  A goblin zombie (Ossuary)
  2 hobgoblin zombies (Ossuary)
  12 kobolds
  A leopard gecko skeleton (D:6)
  2 orc zombies (Ossuary)
  A quokka zombie (D:5)
  6 rats
  A rat zombie (D:5)
  A plant (D:10)
407 creatures vanquished.

Vanquished Creatures (others)
  A centaur (D:11)
  An orc wizard (D:5)
  A leopard gecko (D:7)
  3 orcs (D:5)
  A jackal (D:7)
  2 fungi (D:11)
  2 plants (D:11)
11 creatures vanquished.

Grand Total: 418 creatures vanquished

Notes
Turn   | Place    | Note
-------+----------+-------------------------------------------
     0 | D:1      | Multipenetrator the Demonspawn Gladiator began the quest for the Orb.
     0 | D:1      | Reached XP level 1. HP: 16/16 MP: 1/1
   118 | D:2      | Gained mutation: You sometimes gain a little power by taking damage. [demonic ancestry]
   118 | D:2      | Reached XP level 2. HP: 22/22 MP: 2/2
   168 | D:2      | Reached skill level 3 in Long Blades
   339 | D:2      | HP: 1/23 [poisoned by an adder]
   666 | D:2      | Gained mutation: You sometimes gain power by taking damage. [demonic ancestry]
   666 | D:2      | Reached XP level 3. HP: 23/28 MP: 3/3
   957 | D:3      | Noticed Jessica
   981 | D:3      | Killed Jessica
   981 | D:3      | Reached skill level 1 in Armour
   981 | D:3      | Gained mutation: You have sharp fingernails. [demonic ancestry]
   981 | D:3      | Reached XP level 4. HP: 30/34 MP: 4/4
  1157 | D:3      | Found a blossoming altar of Fedhas.
  1361 | D:5      | Entered Level 5 of the Dungeon
  1375 | D:5      | Reached skill level 4 in Long Blades
  1375 | D:5      | Gained mutation: You have very sharp fingernails. [demonic ancestry]
  1375 | D:5      | Reached XP level 5. HP: 38/39 MP: 5/5
  1453 | D:5      | Found a shimmering altar of Xom.
  1497 | D:5      | Found a sand-covered staircase.
  1513 | Ossuary  | Entered an ossuary
  1897 | Ossuary  | Gained mutation: When hurt, damage is shared between your health and your magic reserves. [demonic ancestry]
  1897 | Ossuary  | Reached XP level 6. HP: 19/46 MP: 6/6
  2216 | D:5      | Found a glowing golden altar of the Shining One.
  2218 | D:5      | Noticed an angel
  2225 | D:5      | Found a basalt altar of Yredelemnul.
  2227 | D:5      | Noticed a profane servitor
  2273 | D:5      | Reached skill level 5 in Long Blades
  2279 | D:5      | Found a stormy altar of Qazlal.
  2340 | D:5      | Found a shadowy altar of Dithmenos.
  2364 | D:5      | Found a staircase to the Ecumenical Temple.
  2370 | Temple   | Entered the Ecumenical Temple
  2550 | Temple   | Became a worshipper of Qazlal Stormbringer
  3774 | D:3      | Reached * piety under Qazlal
  3947 | D:3      | Reached skill level 1 in Invocations
  4361 | D:4      | Noticed yrara's ghost (amateur DsFi)
  4658 | D:4      | Gained mutation: You have a somewhat thin skeletal structure. (Dex +2, Stealth) [demonic ancestry]
  4658 | D:4      | Reached XP level 7. HP: 37/52 MP: 4/8
  5025 | D:4      | Noticed Eustachio
  5104 | D:4      | Killed Eustachio
  5126 | D:4      | Noticed Duvessa
  5153 | D:4      | Killed Duvessa
  5162 | D:4      | Noticed Dowan
  5178 | D:4      | Killed Dowan
  5178 | D:4      | Reached skill level 6 in Long Blades
  5326 | D:4      | Killed yrara's ghost
  5351 | D:4      | Gained mutation: You regenerate magic rapidly. [demonic ancestry]
  5351 | D:4      | Reached XP level 8. HP: 45/60 MP: 10/10
  6141 | D:5      | Reached ** piety under Qazlal
  6240 | D:5      | Reached skill level 7 in Long Blades
  6769 | D:5      | Found an ornate altar of the Wu Jian Council.
  6988 | D:6      | Noticed Pikel
  7190 | D:6      | Found Roywn's Antique Weapon Emporium.
  7767 | D:6      | Reached skill level 5 in Invocations
  8253 | D:6      | Reached XP level 9. HP: 61/66 MP: 11/13
  9048 | D:6      | Got a blackened leather armour
  9061 | D:6      | Identified the +1 leather armour of Purpose {rPois rC+ Int-4 Slay+3} (You found it on level 6 of the Dungeon)
  9284 | D:7      | Reached skill level 8 in Long Blades
  9314 | D:7      | Reached skill level 5 in Fighting
 10343 | D:6      | Reached skill level 5 in Dodging
 10349 | D:6      | Reached *** piety under Qazlal
 10576 | D:8      | Found a sacrificial altar of Ru.
 10576 | D:8      | Found a snail-covered altar of Cheibriados.
 10646 | D:8      | Noticed Keye's ghost (novice NaFi)
 10980 | D:8      | Killed Keye's ghost
 10980 | D:8      | Reached skill level 9 in Long Blades
 10980 | D:8      | Reached XP level 10. HP: 31/76 MP: 7/16
 11164 | D:8      | Noticed Maurice
 11199 | D:8      | Killed Maurice
 11413 | D:8      | Noticed a two-headed ogre
 11437 | D:8      | Killed a two-headed ogre
 11437 | D:8      | Reached skill level 1 in Evocations
 11627 | D:8      | Got a polished great sword
 11628 | D:8      | Identified the cursed +0 great sword of the Establishment {freeze, rPois Str-4 Dex+3} (You found it on level 8 of the Dungeon)
 11638 | D:8      | Noticed an Executioner
 11639 | D:8      | Found a burning altar of Makhleb.
 11643 | D:8      | Found a glowing silver altar of Zin.
 11643 | D:8      | Noticed an angel
 11948 | D:9      | Noticed a two-headed ogre
 11965 | D:8      | Killed a two-headed ogre
 11965 | D:8      | Reached skill level 10 in Long Blades
 12175 | D:9      | Reached **** piety under Qazlal
 12540 | D:9      | Got an iridescent trident
 12545 | D:9      | Identified the +7 trident of Wondrous Power {drain, +Inv rPois rN+++ Dex-4} (You found it on level 9 of the Dungeon)
 12853 | D:10     | Entered Level 10 of the Dungeon
 12903 | D:10     | Reached XP level 11. HP: 37/84 MP: 17/17
 13261 | D:10     | Noticed morbho's ghost (novice SpEn)
 13303 | D:10     | Killed morbho's ghost
 13303 | D:10     | Reached skill level 11 in Long Blades
 13303 | D:10     | Reached skill level 1 in Polearms
 13383 | D:10     | Noticed Psyche
 13389 | D:10     | Killed Psyche
 13430 | D:10     | Found an opulent altar of Gozag.
 13485 | D:10     | Noticed a three-headed hydra
 13492 | D:10     | Killed a one-headed hydra
 13492 | D:10     | Reached skill level 10 in Invocations
 13609 | D:10     | Noticed a two-headed ogre
 13613 | D:10     | Killed a two-headed ogre
 13702 | D:10     | Killed an unseen horror
 14315 | D:11     | Killed an unseen horror
 14397 | D:11     | Reached ***** piety under Qazlal
 14401 | D:11     | Noticed a two-headed ogre
 14426 | D:11     | Noticed Nergalle
 14516 | D:10     | Reached skill level 12 in Long Blades
 14820 | D:10     | Killed a two-headed ogre
 14820 | D:10     | Reached skill level 5 in Armour
 15006 | D:11     | Noticed a spectral orc warlord
 15037 | D:11     | Killed Nergalle
 15037 | D:11     | Reached XP level 12. HP: 36/92 MP: 20/20
 15248 | D:11     | Noticed an eight-headed hydra
 15273 | D:11     | Killed a three-headed hydra
 15786 | D:11     | Found a staircase to the Lair.
 15888 | D:11     | Found a staircase to the Orcish Mines.
 16104 | Orc:1    | Entered Level 1 of the Orcish Mines
 16240 | Orc:2    | Entered Level 2 of the Orcish Mines
 16260 | Orc:2    | Found Rufai's Food Emporium.
 16344 | Orc:2    | Noticed a stone giant
 16352 | Orc:2    | Found a staircase to the Elven Halls.
 16361 | Elf:1    | Entered Level 1 of the Elven Halls
 16436 | Elf:1    | Reached skill level 13 in Long Blades
 16951 | Elf:1    | Slain by a demonic crawler

Vault maps used:
D:1:      lemuel_arrival_rhombus
D:3:      fedhas_altar_fruit_tree, uniq_jessica
D:4:      uniq_duvessa, uniq_eustachio
D:5:      grunt_temple_overflow_holy_war, kennysheep_mini, old_standard_altar,
          minmay_temple_entry_enclosed_plants, enter_ossuary_4, basic_altar,
          first_bread, nicolae_qazlal_eye_of_the_storm
D:6:      serial_shops, kennysheep_mini_moat, uniq_pikel
D:7:      kennysheep_big_flooded_room
D:8:      grunt_temple_overflow_order_and_chaos_2,
          gammafunk_temple_overflow_pools, uniq_maurice
D:10:     hangedman_ranch, serial_park_tiny_pond, hex_tiny,
          nicolae_gozag_seed_capital, uniq_psyche
D:11:     grunt_lair_entry_orc_guard_hut, minmay_orc_entry_guard_dogs,
          kennysheep_opposing_triangles, uniq_nergalle
Temple:   eino_narrow_crystal_temple
Orc:2:    st_orc_mages, serial_shops, shop
Elf:1:    serial_shops, nicolae_shop_stone, minmay_elf_crystal_hexagon
Ossuary:  ossuary_crypta

Skill      XL: |  1  2  3  4  5  6  7  8  9 10 11 12 |
---------------+-------------------------------------+-----
Long Blades    | 3 4 5 6 7 9 10 12 13 | 13.7
Dodging        | 3 4 5 6 7 |  7.0
Armour         | 1 2 3 4 5 |  5.3
Fighting       | 3 4 6 7 8 |  8.9
Invocations    | 2 3 5 8 9 10 12 | 12.1
Evocations     | 1 |  1.4
Polearms       | 2 |  2.1
Throwing       | |  1.7
Stealth        | |  0.8

Action                   |  1- 3 |  4- 6 |  7- 9 | 10-12 || total
-------------------------+-------+-------+-------+-------++-------
Melee: Long sword        |    82 |   252 |   668 |    57 ||  1059
       Great sword       |       |       |       |   458 ||   458
       Trident           |       |       |       |    16 ||    16
       Falchion          |       |       |       |    10 ||    10
Throw: Throwing net      |       |       |     2 |     3 ||     5
Invok: Upheaval          |       |       |     1 |       ||     1
Evoke: Wand              |       |       |     8 |     7 ||    15
       Sack of spiders   |       |       |       |     1 ||     1
  Use: Potion            |     1 |     1 |     3 |    12 ||    17
       Scroll            |       |     7 |     9 |    10 ||    26
 Stab: Distracted        |       |     1 |       |       ||     1
       Sleeping          |       |     2 |       |       ||     2
       Confused          |       |       |     1 |       ||     1
       Held in net/web   |       |       |       |     3 ||     3
  Eat: Chunk             |       |    10 |    16 |    16 ||    42
       Royal jelly       |       |     1 |       |     2 ||     3
       Meat ration       |       |       |     1 |       ||     1
Armor: Leather armour    |    45 |    69 |    46 |   122 ||   282
       Scale mail        |       |       |   207 |       ||   207
Dodge: Dodged            |    89 |   168 |   390 |   426 ||  1073
       Deflected         |       |       |       |    20 ||    20
Block: Other             |       |     3 |    60 |   129 ||   192
       Rpst.: Long sword |    30 |    59 |   116 |     6 ||   211
       Great sword       |       |       |       |   111 ||   111
       Falchion          |       |       |       |     1 ||     1
